 Dungeon Crawl Stone Soup version 0.27.1-35-g4d5d836560 (webtiles) character file.

Game seed: 4690005494516218376

3197 Delamore the Thrower (level 9, -5/61 HPs)
             Began as an Octopode Brigand on June 28, 2022.
             Was an Initiate of Gozag.
             Blown up by an orc (31 damage)
             ... with a mindburst bolt
             ... on level 8 of the Dungeon.
             The game lasted 00:10:17 (9044 turns).

Delamore the Thrower (Octopode Brigand)             Turns: 9044, Time: 00:10:17

Health: -5/61      AC:  1    Str: 14    XL:     9   Next: 96%
Magic:  9/9        EV: 15    Int:  8    God:    Gozag
Gold:   548        SH:  5    Dex: 17    Spells: 8/8 levels left

rFire    . . .     SeeInvis +   l - +2 dagger (protect)
rCold    + . .     Faith    .   (no shield)
rNeg     + + +     Spirit   .   (helmet restricted)
rPois    .         Reflect  +   C - amulet of reflection
rElec    .         Harm     .   j - ring of protection from fire
rCorr    +         Rampage  .   y - ring "Herph" {Ice rN+++ rCorr Str+4 Int-5}
Will     .....                  A - ring of see invisible
Stlth    ++++......             (no ring)
HPRegen  0.20/turn              (no ring)
MPRegen  0.11/turn              (no ring)
                                (no ring)
                                (no ring)

@: no status effects
A: almost no armour, amphibious, 8 rings, camouflage 1, gelatinous body 1,
(nimble swimmer 1), tentacles
a: Renounce Religion, Potion Petition, Call Merchant, Bribe Branch


You were on level 8 of the Dungeon.
You worshipped Gozag.
Gozag was pleased with you.
You visited 2 branches of the dungeon, and saw 9 of its levels.

You collected 738 gold pieces.
You spent 58 gold pieces at shops.
You paid 132 gold pieces to Gozag.

Inventory:

Hand Weapons
 a - a +2 dagger
 l - a +2 dagger of protection (weapon)
Missiles
 b - 50 poisoned darts
 e - 12 boomerangs (quivered)
 t - a curare-tipped dart
 w - 5 atropa-tipped darts
Jewellery
 j - a ring of protection from fire (left tentacle)
 y - the ring "Herph" (right tentacle) {Ice rN+++ rCorr Str+4 Int-5}
   (You found it on level 5 of the Dungeon)

   [ring of ice]

   It enhances your ice magic.
   Str:       It affects your strength (+4).
   Int:       It affects your intelligence (-5).
   rF:        It makes you vulnerable to fire.
   rC:        It protects you from cold.
   rN:        It renders you almost immune to negative energy.
   rCorr:     It protects you from acid and corrosion.
 A - a ring of see invisible (on tentacle)
 C - an amulet of reflection (around mantle)
 D - an amulet of magic regeneration
Wands
 r - a wand of flame (15)
Scrolls
 c - a scroll of vulnerability
 d - 4 scrolls of blinking
 o - 2 scrolls of teleportation
 p - a scroll of silence
 q - a scroll of fear
 s - a scroll of magic mapping {unknown}
 u - 3 scrolls of immolation {unknown}
 v - a scroll of enchant weapon {unknown}
 x - 2 scrolls of enchant armour
 z - a scroll of fog {unknown}
 B - 3 scrolls of amnesia
 E - a scroll of summoning {unknown}
Potions
 f - 2 potions of haste {unknown}
 g - 3 potions of attraction {unknown}
 h - 3 potions of curing
 i - 2 potions of heal wounds {unknown}
 k - 2 potions of brilliance {unknown}
 m - a potion of resistance {unknown}
 n - 3 potions of berserk rage {unknown}


   Skills:
 - Level 5.0 Fighting
 + Level 6.9 Short Blades
 - Level 10.0 Throwing
 - Level 5.0 Dodging
 - Level 5.3 Stealth


You had 8 spell levels left.
You didn't know any spells.
Your spell library contained the following spells:

 Spells                   Type           Power      Damage    Failure   Level
 Magic Dart               Conj           0%         1d3       41%         1
 Call Imp                 Summ           0%         N/A       54%         2
 Mephitic Cloud           Conj/Pois/Air  0%         N/A       78%         3


Dungeon Overview and Level Annotations

Branches:
Dungeon (8/15)             Temple (1/1) D:6
   Lair: D:8-11

Altars:
Dithmenos
Elyvilon
Gozag
Hepliaklqana
Makhleb
Okawaru
Qazlal
Trog
Uskayaw
Vehumet
Wu Jian
Zin

Shops:
D:1 ?*!   D:5 [=?


Innate Abilities, Weirdness & Mutations

You cannot wear most types of armour.
You are amphibious.
You can wear up to eight rings at the same time.
Your skin changes colour to match your surroundings (Stealth+).
Your rubbery body absorbs attacks. (AC +1, EV +1)
((You are camouflaged near water. (Stealth+)))
You have tentacles for arms and can constrict up to eight enemies at once.


Message History

Press: ? - help, Q - select action, (/) - cycle Shift-Dir - straight line, f - orc
Aim: an orc, wielding a +0 hand axe, quivering stones and carrying a wand of mindburst (9) (wandering, hasn't noticed you, 67% to hit)
You throw a boomerang. The orc shouts!
The boomerang hits the orc but does no damage.
Throw: 12 boomerangs
Press: ? - help, Q - select action, (/) - cycle Shift-Dir - straight line, f/p - orc
Aim: an orc, wielding a +0 hand axe, quivering stones and carrying a wand of mindburst (9) (67% to hit)
You throw a boomerang. The boomerang barely misses the orc.
Throw: 12 boomerangs
Press: ? - help, Q - select action, (/) - cycle Shift-Dir - straight line, f/p - orc
Aim: an orc, wielding a +0 hand axe, quivering stones and carrying a wand of mindburst (9) (67% to hit)
You throw a boomerang.
The boomerang hits the orc but does no damage.
An orc wizard comes into view. It is wielding a +0 dagger.
Throw: 12 boomerangs
Press: ? - help, Q - select action, (/) - cycle Shift-Dir - straight line, f/p - orc
Aim: an orc, wielding a +0 hand axe, quivering stones and carrying a wand of mindburst (9) (67% to hit)
You throw a boomerang. The boomerang barely misses the orc.
The orc wizard shouts!
You hear a shout!
An orc priest comes into view. It is wielding a +0 morningstar.
The orc wizard casts a spell.
The orc wizard flickers and vanishes for a moment.
The orc throws a stone.
The stone hits you.
Throw: 12 boomerangs
Press: ? - help, Q - select action, (/) - cycle Shift-Dir - straight line, f/p - orc
Aim: an orc, wielding a +0 hand axe, quivering stones and carrying a wand of mindburst (9) (67% to hit)
You throw a boomerang. The orc priest shouts!
The boomerang hits the orc.
The orc is heavily wounded.
The orc throws a stone.
The stone hits you.
An orc priest comes into view. It is wielding a +0 club.
An orc comes into view. It is wielding a +0 flail.
The orc throws a stone.
The stone hits you.
You see here 16 gold pieces.
You open the door.
The orc zaps a wand.
Your mind is blasted!
Ouch! That really hurt!
You die...

#......# #... +......#
#...$ #......# #...
#....<># #... #......#
#... #......# #..
#....<.######
...###'####..........#
.......@..#..........+
.$.....$..#..........#
..........#..........#
..........o..........#
##.####...#..........#
# #...#o....###+##
.....#..oo.#
.......#..o..#
.......#.....#


You could see 2 orc priests, an orc wizard (invisible) and 2 orcs.

Vanquished Creatures
  A two-headed ogre (D:7)
  Sigmund (D:3)
  2 wyverns
  2 steam dragons
  A sky beast (D:3)
  3 black bears (D:6)
  An ice beast (D:7)
  2 centaurs
  An ogre (D:6)
  3 scorpions
  A water moccasin zombie (D:6)
  A wyvern skeleton (D:7)
  2 water moccasin skeletons
  6 killer bees
  A howler monkey (D:7)
  A bullfrog zombie (D:6)
  2 jellies
  2 hounds (D:5)
  A bullfrog skeleton (D:5)
  Crazy Yiuf (D:3)
  A centaur skeleton (D:6)
  An iguana (D:7)
  Ijyb (D:3)
  An orc wizard (D:8)
  A hound skeleton (D:4)
  3 gnolls (D:2)
  6 adders
  A shadow imp (D:7)
  An adder skeleton (D:4)
  2 worms
  3 dart slugs (D:4)
  3 orcs
  3 bats (D:1)
  4 endoplasms
  5 giant cockroaches
  13 goblins
  11 hobgoblins
  4 quokkas
  4 ball pythons
  5 frilled lizards
  6 kobolds
  3 rats (D:1)
117 creatures vanquished.

Notes
Turn   | Place    | Note
-------+----------+-------------------------------------------
     0 | D:1      | Delamore the Octopode Brigand began the quest for the Orb.
     0 | D:1      | Reached XP level 1. HP: 14/14 MP: 1/1
   370 | D:1      | Found Nisuc's Magic Scroll Shoppe.
   385 | D:1      | Reached XP level 2. HP: 12/19 MP: 2/2
   675 | D:1      | Found Yfydouwk's General Store.
   702 | D:1      | Bought a scroll of identify for 28 gold pieces
   743 | D:1      | Found Quipp's Distillery.
  1116 | D:1      | Reached XP level 3. HP: 22/25 MP: 3/3
  1190 | D:1      | Found a faded altar of an unknown god.
  1576 | D:1      | Bought a potion of curing for 30 gold pieces
  2756 | D:2      | Reached XP level 4. HP: 16/30 MP: 4/4
  2757 | D:2      | Reached skill level 3 in Throwing
  3248 | D:3      | Noticed Ijyb
  3259 | D:3      | Killed Ijyb
  3260 | D:3      | Reached XP level 5. HP: 24/36 MP: 5/5
  3567 | D:3      | Noticed Sigmund
  3575 | D:3      | Killed Sigmund
  3576 | D:3      | Reached skill level 4 in Throwing
  3576 | D:3      | Reached XP level 6. HP: 34/43 MP: 6/6
  3813 | D:3      | Noticed a sky beast
  3833 | D:3      | Killed a sky beast
  4138 | D:3      | Found a runed translucent door.
  4139 | D:3      | Noticed Crazy Yiuf
  4246 | D:3      | Killed Crazy Yiuf
  4247 | D:3      | Reached XP level 7. HP: 49/49 MP: 7/7
  5190 | D:5      | Entered Level 5 of the Dungeon
  5293 | D:5      | Found Onapteta's Magic Scroll Shop.
  5441 | D:5      | Identified the ring "Herph" {Ice rN+++ rCorr Str+4 Int-5}
  5469 | D:5      | Found an ornate altar of the Wu Jian Council.
  5475 | D:5      | Found Esoim's Jewellery Boutique.
  5481 | D:5      | Reached skill level 5 in Fighting
  5481 | D:5      | Reached skill level 5 in Throwing
  5662 | D:5      | Found Rilunut's Antique Armour Emporium.
  5685 | D:5      | Reached skill level 5 in Dodging
  6003 | D:6      | Reached skill level 6 in Throwing
  6003 | D:6      | Reached XP level 8. HP: 52/55 MP: 8/8
  6192 | D:6      | Found a staircase to the Ecumenical Temple.
  6209 | Temple   | Entered the Ecumenical Temple
  6245 | Temple   | Became a worshipper of Gozag Ym Sagoz the Greedy
  6292 | D:6      | Reached skill level 7 in Throwing
  6671 | D:6      | Found a radiant altar of Vehumet.
  6671 | D:6      | Found a hazy altar of Hepliaklqana.
  6683 | D:6      | Reached skill level 8 in Throwing
  7431 | D:6      | Reached skill level 9 in Throwing
  7431 | D:6      | Reached XP level 9. HP: 37/61 MP: 9/9
  8323 | D:7      | Reached skill level 10 in Throwing
  8638 | D:7      | Noticed a two-headed ogre
  8666 | D:7      | Killed a two-headed ogre
  9044 | D:8      | Blown up by an orc

Illustrated notes

Levels and vault maps discovered:
D:1:      dpeg_arrival_chambers_temple_mockup, layout_basic, serial_shops,
          nicolae_shop_temple_entry_statues_fountains, shop,
          nicolae_shop_crystal, shapermc_ecumenical_altar_notcrosses
D:2:      kennysheep_six_static_rooms, layout_basic, serial_glass,
          glass_columns_a, glass_columns_a, glass_columns_c, glass_columns_b,
          glass_columns_a, glass_columns_a, glass_columns_c, glass_columns_a,
          glass_columns_c, glass_columns_c, glass_columns_a, glass_columns_a,
          glass_columns_c, glass_columns_b, minmay_misc_feat_encased,
          grunt_ministairs_3
D:3:      layout_rooms, kennysheep_big_empty_room, minmay_diced_spiral,
          uniq_sigmund, uniq_crazy_yiuf_cottage, uniq_ijyb
D:4:      layout_basic
D:5:      cheibrodos_iron_armory, layout_basic, nicolae_overflow_crystal_walls,
          serial_shops, shop, nicolae_take_the_stairs,
          nicolae_shop_behind_doors, minmay_misc_feat_ornament,
          minmay_curled_crystal
D:6:      layout_basic, gammafunk_temple_overflow_pools,
          minmay_temple_entry_tees
D:7:      layout_rooms, grunt_ministairs_6
D:8:      layout_gridville, mainiacjoe_overflow_paths, minmay_lair_entry_grove,
          minivault_11, grunt_ogre_cave, uniq_psyche
Temple:   regret_index_temple_mists

Skill      XL: |  1  2  3  4  5  6  7  8  9 |
---------------+----------------------------+-----
Dodging        | 2 3 4 5 |  5.0
Throwing       | 3 4 6 9 10 | 10.0
Fighting       | 3 4 5 |  5.0
Short Blades   | 6 |  6.9
Stealth        | |  5.3

Action                   |  1- 3 |  4- 6 |  7- 9 || total
-------------------------+-------+-------+-------++-------
Melee: Dagger            |    71 |    55 |   182 ||   308
       Constrict         |    17 |     9 |    29 ||    55
       Tentacles         |     9 |    11 |    34 ||    54
Throw: Dart              |    33 |    25 |    67 ||   125
       Boomerang         |       |    16 |    25 ||    41
  Use: Scroll            |     1 |     2 |     5 ||     8
       Potion            |       |       |     1 ||     1
 Stab: Sleeping          |     8 |     1 |     8 ||    17
Armor: Skin              |     4 |    12 |    51 ||    67
Dodge: Dodged            |    43 |    25 |   162 ||   230
Block: Other             |       |       |    11 ||    11
